 Dungeon Crawl Stone Soup version 0.17.0-7-gfadd4cc (webtiles) character file.

312176 imganon the Executioner (level 20, -27/162 HPs)
             Began as a Demonspawn Berserker on Nov 7, 2015.
             Was the Champion of Trog.
             Killed from afar by a frost giant (35 damage)
             ... with a bolt of cold
             ... on level 3 of the Vaults on Nov 8, 2015.
             The game lasted 02:25:06 (50084 turns).

imganon the Executioner (Demonspawn Berserker)     Turns: 50084, Time: 02:25:06

Health: -27/162    AC: 35    Str: 32    XL:     20   Next: 43%
Magic:  0/7        EV: 13    Int: 11    God:    Trog [******]
Gold:   3702       SH:  0    Dex: 20    Spells: 0 memorised, 19 levels left

rFire  . . .     SeeInvis +     i - +9 executioner's axe (antimagic)
rCold  . . .     Clarity  .     Q - +9 plate armour "Hero's Friend" {*Drain rElec Dex+4 SInv}
rNeg   + + +     SustAt   .     (shield currently unavailable)
rPois  +         Gourm    .     (helmet unavailable)
rElec  +         Spirit   +     f - +0 cloak
rCorr  .         Warding  .     J - +0 pair of gloves of the Hot Ocelot {rPois Str+4}
rMut   +         Stasis   .     a - +2 pair of boots {Stlth+}
MR     ++++.                    o - amulet of resist mutation
Stlth  ..........               x - ring of Tiukinoh {rPois rN++ EV+4 Dex+3}
                                B - +4 ring of strength

@: regenerating, incredibly resistant to hostile enchantments, extremely
unstealthy
A: antennae 3, icy blue scales 2, magic resistance 1, negative energy resistance
1, spiny 3, magic shield
a: Berserk, Trog's Hand, Brothers in Arms, Burn Spellbooks, Renounce Religion
}: 2/15 runes: decaying, serpentine


You were on level 3 of the Vaults.
You worshipped Trog.
Trog was exalted by your worship.
You were not hungry.

You visited 6 branches of the dungeon, and saw 38 of its levels.
You also visited: Ice Cave.

You collected 3928 gold pieces.
You spent 226 gold pieces at shops.

Inventory:

Hand Weapons
 i - a +9 antimagic executioner's axe (weapon)
 P - a +3 flail of protection
 R - the +4 executioner's axe "Xogost" {drain, rPois rN+ Str+2}
   (Trog gifted it to you on level 2 of the Lair of Beasts)

   A truly terrible weapon, it drains the life of those it strikes.
   It affects your strength (+2).
   It protects you from poison.
   It protects you from negative energy.
Armour
 a - a +2 pair of boots of stealth (worn)
 f - a +0 cloak (worn)
 J - the +0 pair of gloves of the Hot Ocelot (worn) {rPois Str+4}
   (You found it on level 1 of the Swamp)

   It affects your strength (+4).
   It protects you from poison.
 Q - the +9 plate armour "Hero's Friend" (worn) {*Drain rElec Dex+4 SInv}
   (You found it on level 9 of the Dungeon)

   It affects your dexterity (+4).
   It insulates you from electricity.
   It lets you see invisible.
   It causes draining when unequipped.
Jewellery
 o - an amulet of resist mutation (around neck)
 t - an uncursed amulet of regeneration
 u - an uncursed amulet of warding
 x - the ring of Tiukinoh (right hand) {rPois rN++ EV+4 Dex+3}
   (You found it on level 2 of the Snake Pit)

   [ring of evasion]

   It affects your evasion (+4).
   It affects your dexterity (+3).
   It protects you from poison.
   It greatly protects you from negative energy.
 y - an uncursed ring of flight
 B - a +4 ring of strength (left hand)
 H - an uncursed ring of sustain attributes
Wands
 k - a wand of digging (13)
 q - a wand of disintegration (21)
 v - a wand of fireball (6)
 z - a wand of paralysis (10)
 E - a wand of disintegration (7)
 V - a wand of digging (22)
 Y - a wand of invisibility (6)
Scrolls
 b - 3 scrolls of magic mapping
 d - 3 scrolls of enchant weapon
 e - 3 scrolls of fog
 h - 18 scrolls of remove curse
 j - 16 scrolls of identify
 n - 2 scrolls of blinking
 A - 9 scrolls of teleportation
 C - 9 scrolls of enchant armour
 N - 6 scrolls of recharging
 T - a scroll of summoning
 U - 2 scrolls of silence
 W - 6 scrolls of fear
Potions
 l - 2 potions of heal wounds
 m - a potion of cure mutation
 p - 7 potions of brilliance
 r - 11 potions of magic
 D - 6 potions of might
 G - 2 potions of invisibility
 L - 2 potions of resistance
 M - 3 potions of haste
 O - 14 potions of curing
 S - 3 potions of flight
 X - a potion of berserk rage
 Z - 2 potions of agility
Comestibles
 c - 5 bread rations
 s - a royal jelly
 w - 9 beef jerkies
 F - 4 fruits
 I - 9 meat rations


   Skills:
 + Level 15.2 Fighting
 + Level 25.0(25.1) Axes
 - Level 2.5(17.4) Maces & Flails
 + Level 2.1 Throwing
 + Level 14.5 Armour
 - Level 1.7 Dodging
 - Level 3.0 Stealth
 - Level 1.8 Evocations


You had 19 spell levels left.
You didn't know any spells.

Dungeon Overview and Level Annotations

Branches:
Dungeon (15/15)            Temple (0/1) D:6            Lair (8/8) D:9
  Swamp (4/4) Lair:4        Snake (4/4) Lair:4        Slime (0/6) Lair:6
    Orc (4/4) D:12            Elf (0/3) Orc:3        Vaults (3/5) D:14
  Crypt (0/3) Vaults:3     Depths (0/5) D:15

Altars:
Ashenzari
Cheibriados
Kikubaaqudgha
Okawaru
Qazlal
Sif Muna
Beogh
Jiyva

Shops:
D:8 =   Orc:2 }   Orc:4 ?[[:   Snake:3 :   Snake:4 }

Annotations:
Lair:1 exclusion: oklob plant
Swamp:2 exclusion: Roxanne, Roxanne


Innate Abilities, Weirdness & Mutations

You have a pair of large antennae on your head (SInv).
You are mostly covered in icy blue scales (AC +3, EV -1).
You resist negative energy.
You are completely covered in sharp spines.
When hurt, damage is shared between your health and your magic reserves.
You are resistant to hostile enchantments.


Message History

You swap places.
The frost giant barely misses your hill giant.
There is an open door here.
Your hill giant hits the frost giant with a giant spiked club!!!
The frost giant casts a spell at you. The bolt of cold hits your hill giant.
The bolt of cold hits you!
You see here a stone of tremors.
Your skin crawls.
You feel resistant to hostile enchantments.
You feel slightly more hungry.
Your hill giant hits the frost giant with a giant spiked club!!!
The frost giant points at you and mumbles some strange words.
The bolt of cold hits your hill giant.
Your hill giant dies!
Your hill giant's corpse disappears in a puff of smoke!
The bolt of cold hits you!
* * * LOW HITPOINT WARNING * * *
The frost giant gestures at you while chanting.
The bolt of cold hits you!
You die...

#### #... #######
###... #.....# #.....
#.#)#.# #.....
#.#.#.# #.....
#.#'#.# ###...
#.#.#.# #...
#.#@#.###########'#'
#.#}#.#.............
#.#'#.#.............
#.#)#.#.............
#.#ยง#.#.............
#.#C#.'.............
#.#D#.#.............
#.#D#.#.............
#.#|#.#.............


You could see 2 shadow dragons and a frost giant.

Vanquished Creatures
  Mara (Snake:3)
  the Lernaean hydra (Swamp:4)
  Vashnia (Snake:3)
  A lich (Vaults:2)
  Jorgrun (Snake:3)
  A tentacled monstrosity (Vaults:3)
  Asterion (Snake:2)
  2 sphinxes
  Gastronok (Lair:2)
  3 thorn hunters (Swamp:4)
  Agnes (D:15)
  A tengu reaver (Vaults:3)
  Kirke (Lair:6)
  3 greater nagas (Snake:4)
  3 fire giants
  2 frost giants (Vaults:3)
  Aizul (Swamp:3)
  5 vault wardens
  An orc warlord (Orc:2)
  12 ironheart preservers
  2 very ugly things
  A war gargoyle (Vaults:2)
  5 stone giants (Vaults:2)
  A deep elf demonologist (Vaults:3)
  A deep elf annihilator (Vaults:2)
  The ghost of dorian the Severer, a journeyman DsAK of Lugonu (Lair:5)
  3 fire dragons (Vaults:2)
  6 yaktaur captains
  Josephine (Orc:4)
  5 vault guards
  A great orb of eyes (Vaults:2)
  A rakshasa (Vaults:2)
  Harold (Lair:2)
  8 naga warriors
  8 centaur warriors
  A ghost crab (shapeshifter) (Vaults:2)
  4 catoblepae (Lair:8)
  A queen ant (Lair:1)
  8 anacondas
  11 alligators
  30 hydras
  9 ogre magi
  14 death yaks
  7 shock serpents
  13 naga sharpshooters
  2 tengu warriors (D:13)
  An orc high priest (Orc:3)
  A spriggan berserker (Swamp:3)
  Sonja (D:11)
  3 fire crabs
  10 skeletal warriors
  A deep elf knight (Vaults:3)
  2 salamander mystics
  A giant orange brain (Vaults:2)
  17 swamp dragons
  A death drake (shapeshifter) (Vaults:2)
  A flayed ghost (Vaults:3)
  5 naga ritualists
  2 spriggan druids (Swamp:3)
  2 unseen horrors
  An obsidian statue (D:13)
  A shambling mangrove (Swamp:4)
  6 griffons
  9 ironbrand convokers
  2 wizards (D:14)
  2 necromancers
  4 harpies (Vaults:1)
  7 deep trolls
  3 hill giants
  A deep elf conjurer (Vaults:3)
  A wolf spider zombie (D:14)
  An orc sorcerer (Vaults:1)
  4 hornets
  21 orc knights
  A phantasmal warrior (Vaults:3)
  3 wolf spiders (Vaults:2)
  A manticore (D:14)
  The ghost of puimuR the Cleaver, a novice DsBe of Trog (D:10)
  34 ugly things
  10 mana vipers
  2 guardian serpents (Snake:4)
  13 salamanders
  5 cyclopes
  A black mamba (shapeshifter) (Vaults:3)
  3 ice statues (IceCv)
  45 black mambas
  6 elephants (Lair:4)
  A torpor snail (Lair:6)
  Psyche (D:12)
  12 naga magi
  5 vault sentinels
  2 gargoyles
  An efreet (D:15)
  13 spiny frogs
  11 komodo dragons
  25 yaktaurs
  7 trolls
  A komodo dragon (shapeshifter) (Vaults:2)
  A fire drake (Lair:4)
  7 giant leeches
  27 blink frogs
  21 two-headed ogres
  4 deep elf priests
  23 slime creatures
  14 bog bodies
  7 boulder beetles
  4 shadows
  A raiju (shapeshifter) (Vaults:3)
  A harpy skeleton (D:13)
  A trapdoor spider (D:14)
  7 deep elf magi
  4 deep elf fighters
  A fire elemental (Lair:4)
  4 hogs (Lair:6)
  7 spriggans
  4 wraiths (Orc:4)
  4 wyverns
  4 basilisks
  A steam dragon (Lair:4)
  56 yaks
  19 vampire mosquitoes
  10 wolves
  4 mottled dragons
  20 humans (D:14)
  8 hippogriffs
  5 soldier ants (Lair:1)
  23 swamp worms
  Edmund (D:5)
  5 hungry ghosts
  7 wargs
  21 insubstantial wisps
  7 porcupines
  58 nagas
  17 water moccasins
  8 sky beasts
  14 swamp drakes
  12 ice beasts
  59 orc warriors
  3 black bears
  10 wasps
  2 phantoms
  An eye of draining (shapeshifter) (Vaults:2)
  15 centaurs
  2 elf simulacra
  6 boggarts
  10 crocodiles
  41 ogres
  21 giant frogs
  A wyvern skeleton (D:14)
  A scorpion (D:9)
  3 electric eels
  15 killer bees
  13 wights
  2 centaur zombies
  8 crimson imps
  4 giant frog zombies
  4 jellies
  A quasit (D:6)
  3 centaur skeletons
  30 orc priests
  A giant frog skeleton (D:9)
  7 iguanas
  28 orc wizards
  6 hounds
  24 worker ants
  A killer bee zombie (D:8)
  24 sheep
  6 ogre zombies (D:12)
  A hound zombie (D:6)
  A hound skeleton (D:5)
  46 river rats
  3 worker ant zombies
  11 adders
  5 shadow imps
  2 oozes
  An adder skeleton (D:4)
  3 worms
  6 giant geckos
  227 orcs
  A ball python (D:2)
  5 bats
  9 hobgoblins
  9 jackals
  4 quokkas
  A ball python skeleton (D:4)
  3 giant cockroaches
  A giant cockroach zombie (D:6)
  6 giant newts
  3 goblins
  A goblin skeleton (D:12)
  2 hobgoblin skeletons (D:12)
  A hobgoblin zombie (D:12)
  A jackal zombie (D:8)
  8 kobolds
  2 orc skeletons (D:12)
  12 orc zombies (D:12)
  A quokka skeleton (D:5)
  27 rats
  2 crawling corpses (Vaults:2)
  7 fungi
  4 plants
  A spectral weapon (Snake:2)
1714 creatures vanquished.

Vanquished Creatures (collateral kills)
  An alligator (Swamp:3)
  A shambling mangrove (Swamp:3)
  A giant leech (Swamp:3)
  A spriggan (Swamp:3)
  2 swamp worms (Swamp:3)
  A wasp (Swamp:3)
7 creatures vanquished.

Vanquished Creatures (others)
  A vampire mosquito (Vaults:2)
  A naga (Snake:4)
  A swamp worm (Swamp:3)
  A boggart (Vaults:3)
  A human simulacrum (Vaults:3)
  6 fungi
  33 plants
44 creatures vanquished.

Grand Total: 1765 creatures vanquished

Notes
Turn   | Place    | Note
--------------------------------------------------------------
     0 | D:1      | imganon the Demonspawn Berserker began the quest for the Orb.
     0 | D:1      | Reached XP level 1. HP: 18/18 MP: 1/1
   566 | D:1      | Gained mutation: When hurt, damage is shared between your health and your magic reserves. [demonic ancestry]
   566 | D:1      | Reached XP level 2. HP: 20/24 MP: 2/2
  1145 | D:2      | Reached XP level 3. HP: 14/29 MP: 3/3
  1367 | D:2      | Reached ** piety under Trog
  1381 | D:2      | Reached skill level 4 in Axes
  1829 | D:2      | Reached XP level 4. HP: 25/35 MP: 2/4
  2428 | D:3      | Reached skill level 5 in Axes
  2848 | D:3      | Gained mutation: You are partially covered in icy blue scales (AC +1). [demonic ancestry]
  2848 | D:3      | Reached XP level 5. HP: 41/41 MP: 5/5
  3094 | D:4      | Reached skill level 6 in Axes
  3099 | D:4      | Reached XP level 6. HP: 47/47 MP: 4/6
  3167 | D:4      | Noticed an ogre
  3172 | D:4      | Killed an ogre
  3261 | D:4      | Reached *** piety under Trog
  3272 | D:4      | Got a translucent gossamer ring
  3303 | D:4      | Noticed a black bear
  3318 | D:4      | Killed a black bear
  3318 | D:4      | Reached skill level 7 in Axes
  3366 | D:4      | Found a shattered altar of Ashenzari.
  3377 | D:4      | Reached skill level 1 in Stealth
  3377 | D:4      | Gained mutation: You have a pair of small antennae on your head. [demonic ancestry]
  3377 | D:4      | Reached XP level 7. HP: 32/52 MP: 4/7
  3777 | D:4      | Noticed an ogre
  3790 | D:4      | Killed an ogre
  3802 | D:4      | HP: 2/52 [poisoned by a worker ant]
  3807 | D:4      | HP: 1/52 [poisoned by a worker ant]
  4151 | D:4      | Reached skill level 8 in Axes
  4543 | D:4      | Identified the ring "Jafrohuf" {rF+ Str-5 Dex+4 Stlth+} (You found it on level 4 of the Dungeon)
  4602 | D:5      | Entered Level 5 of the Dungeon
  4727 | D:5      | Gained mutation: You are partially covered in sharp spines. [demonic ancestry]
  4727 | D:5      | Reached XP level 8. HP: 25/58 MP: 4/8
  4945 | D:5      | Reached skill level 9 in Axes
  5283 | D:5      | Noticed Edmund
  5316 | D:5      | Killed Edmund
  5827 | D:6      | Reached skill level 10 in Axes
  6094 | D:6      | Found a staircase to the Ecumenical Temple.
  6289 | D:6      | Gained mutation: You are mostly covered in icy blue scales (AC +3, EV -1). [demonic ancestry]
  6289 | D:6      | Reached XP level 9. HP: 57/63 MP: 6/9
  6330 | D:6      | Reached skill level 11 in Axes
  6788 | D:6      | Found a stormy altar of Qazlal.
  6884 | D:6      | Reached **** piety under Trog
  7307 | D:7      | Found an iron altar of Okawaru.
  7635 | D:7      | Reached skill level 12 in Axes
  7712 | D:8      | Found Pysewk's Jewellery Emporium.
  7720 | D:8      | Bought a cursed ring of loudness for 72 gold pieces
  8073 | D:8      | Received a gift from Trog
  8331 | D:8      | Reached XP level 10. HP: 50/70 MP: 7/10
  8976 | D:9      | Reached skill level 13 in Axes
  9130 | D:9      | Reached ***** piety under Trog
  9140 | D:9      | Found a staircase to the Lair.
  9594 | D:9      | Reached skill level 1 in Throwing
  9642 | D:9      | Got an encrusted plate armour
  9653 | D:9      | Identified the +9 plate armour "Hero's Friend" {*Drain rElec Dex+4 SInv} (You found it on level 9 of the Dungeon)
  9679 | Lair:1   | Entered Level 1 of the Lair of Beasts
  9734 | Lair:1   | Noticed a queen ant
  9778 | Lair:1   | Gained mutation: You are resistant to hostile enchantments. [potion of beneficial mutation]
  9780 | Lair:1   | Killed a queen ant
 10253 | Lair:1   | Reached skill level 14 in Axes
 10753 | Lair:1   | Noticed an oklob plant
 11666 | Lair:2   | Noticed Gastronok
 11686 | Lair:2   | Killed Gastronok
 11686 | Lair:2   | Gained mutation: You have a pair of antennae on your head. [demonic ancestry]
 11686 | Lair:2   | Reached XP level 11. HP: 75/75 MP: 11/11
 11815 | Lair:2   | Noticed a six-headed hydra
 11861 | Lair:1   | Reached skill level 15 in Axes
 11861 | Lair:1   | Reached skill level 1 in Evocations
 12015 | Lair:1   | Upgraded the game from 0.17.0-1-g61d176b to 0.17.0-7-gfadd4cc
 12519 | D:9      | Killed a six-headed hydra
 12686 | Lair:2   | Received a gift from Trog
 12696 | Lair:2   | Got a pitted executioner's axe {god gift}
 12704 | Lair:2   | Identified the +4 executioner's axe "Xogost" {drain, rPois rN+ Str+2} (Trog gifted it to you on level 2 of the Lair of Beasts)
 12736 | Lair:2   | Noticed Harold
 12744 | Lair:2   | Reached skill level 1 in Maces & Flails
 12745 | Lair:2   | Killed Harold
 13037 | Lair:3   | Reached skill level 16 in Axes
 13558 | Lair:3   | Noticed a five-headed hydra
 13571 | Lair:3   | Killed a five-headed hydra
 13732 | Lair:3   | Reached XP level 12. HP: 81/81 MP: 13/13
 13882 | Lair:3   | Received a gift from Trog
 14203 | Lair:4   | Found a frozen archway.
 14241 | IceCv    | Entered an ice cave
 15797 | Lair:4   | Reached skill level 17 in Axes
 15798 | Lair:4   | Found a staircase to the Snake Pit.
 16079 | Lair:4   | Received a gift from Trog
 16094 | Lair:4   | Reached skill level 5 in Fighting
 16320 | Lair:4   | Noticed a five-headed hydra
 16322 | Lair:4   | Noticed an eight-headed hydra
 16329 | Lair:4   | Killed a five-headed hydra
 16337 | Lair:4   | Killed an eight-headed hydra
 16748 | Lair:4   | Found a staircase to the Swamp.
 16991 | Lair:5   | Gained mutation: You are mostly covered in sharp spines. [demonic ancestry]
 16991 | Lair:5   | Reached XP level 13. HP: 71/93 MP: 10/14
 16994 | Lair:5   | Received a gift from Trog
 17354 | Lair:5   | Reached skill level 5 in Armour
 17394 | Lair:5   | Noticed dorian's ghost (journeyman DsAK)
 17411 | Lair:5   | Killed dorian's ghost
 19135 | Lair:6   | Reached skill level 18 in Axes
 19214 | Lair:6   | Found a viscous altar of Jiyva.
 19215 | Lair:6   | Found a staircase to the Slime Pits.
 19365 | Lair:6   | Noticed Kirke
 19458 | Lair:6   | Killed Kirke
 20095 | Lair:7   | Received a gift from Trog
 20302 | Lair:8   | Entered Level 8 of the Lair of Beasts
 20493 | Lair:8   | Gained mutation: You have a pair of large antennae on your head (SInv). [demonic ancestry]
 20493 | Lair:8   | Reached XP level 14. HP: 86/106 MP: 12/15
 21430 | Lair:8   | Received a gift from Trog
 21838 | Lair:7   | Reached skill level 19 in Axes
 22593 | Lair:2   | Identified a scroll of acquirement
 22648 | D:10     | Entered Level 10 of the Dungeon
 22937 | D:10     | Noticed puimuR's ghost (novice DsBe)
 22948 | D:10     | Killed puimuR's ghost
 23571 | D:11     | Noticed Sonja
 23573 | D:11     | Reached ****** piety under Trog
 23573 | D:11     | Received a gift from Trog
 23583 | D:11     | Killed Sonja
 24181 | D:12     | Found a staircase to the Orcish Mines.
 24598 | D:12     | Reached skill level 10 in Fighting
 24800 | D:12     | Noticed Psyche
 24806 | D:12     | Killed Psyche
 24981 | Orc:1    | Entered Level 1 of the Orcish Mines
 25055 | Orc:2    | Found Cyomaaw's Gadget Emporium.
 25067 | Orc:2    | Received a gift from Trog
 25117 | Orc:2    | Noticed an orc warlord
 25761 | Orc:2    | Killed an orc warlord
 25761 | Orc:2    | Reached XP level 15. HP: 109/115 MP: 10/16
 25944 | Orc:2    | Found a roughly hewn altar of Beogh.
 26068 | Orc:1    | Received a gift from Trog
 27007 | Orc:3    | Received a gift from Trog
 27436 | Orc:3    | Found a staircase to the Elven Halls.
 27535 | Orc:4    | Entered Level 4 of the Orcish Mines
 27621 | Orc:4    | Noticed Josephine
 27633 | Orc:4    | Killed Josephine
 27687 | Orc:4    | Found Nunupsytt's Book Shop.
 27703 | Orc:4    | Found Ogipniga's Armour Emporium.
 27724 | Orc:4    | Received a gift from Trog
 28362 | Orc:4    | Found a roughly hewn altar of Beogh.
 28370 | Orc:4    | Found Jihuakhly's Magic Scroll Emporium.
 28396 | Orc:4    | Bought a scroll of blinking for 105 gold pieces
 28396 | Orc:4    | Bought a scroll of fear for 49 gold pieces
 28401 | Orc:4    | Found Riororph's Antique Armour Shop.
 28772 | D:13     | Reached skill level 20 in Axes
 29139 | D:13     | Received a gift from Trog
 29625 | D:14     | Found a deep blue altar of Sif Muna.
 29846 | D:14     | Found a gate to the Vaults.
 30244 | D:15     | Entered Level 15 of the Dungeon
 30244 | D:15     | Found a staircase to the Depths.
 30741 | D:15     | Received a gift from Trog
 30948 | D:15     | Noticed Agnes
 30954 | D:15     | Killed Agnes
 31462 | D:15     | Gained mutation: You resist negative energy. [demonic ancestry]
 31462 | D:15     | Reached XP level 16. HP: 93/124 MP: 13/17
 31504 | D:15     | Received a gift from Trog
 32181 | Swamp:1  | Entered Level 1 of the Swamp
 32191 | Swamp:1  | Reached skill level 21 in Axes
 32257 | Swamp:1  | Got a pair of bloodstained gloves
 32268 | Swamp:1  | Identified the +0 pair of gloves of the Hot Ocelot {rPois Str+4} (You found it on level 1 of the Swamp)
 32705 | Swamp:1  | Reached skill level 10 in Armour
 33270 | Swamp:2  | Noticed Roxanne
 33694 | Swamp:2  | Received a gift from Trog
 33955 | Swamp:3  | Noticed Aizul
 34307 | Swamp:3  | Killed Aizul
 34971 | Swamp:3  | Received a gift from Trog
 35659 | Swamp:4  | Entered Level 4 of the Swamp
 36044 | Swamp:4  | Reached XP level 17. HP: 113/130 MP: 16/18
 36152 | Swamp:4  | Reached skill level 22 in Axes
 36390 | Swamp:4  | Found an ancient bone altar of Kikubaaqudgha.
 36411 | Swamp:4  | Received a gift from Trog
 36414 | Swamp:4  | Got a scorched battleaxe {god gift}
 36415 | Swamp:4  | Identified the +3 battleaxe "Tirebywn" {venom, rElec rPois rC+ Str-3} (Trog gifted it to you on level 4 of the Swamp)
 37198 | Swamp:4  | Noticed the 27-headed Lernaean hydra
 37207 | Swamp:4  | Killed the 26-headed Lernaean hydra
 37683 | Swamp:4  | Got a decaying rune of Zot
 38034 | Snake:1  | Entered Level 1 of the Snake Pit
 38319 | Snake:1  | Found a snail-covered altar of Cheibriados.
 38388 | Snake:1  | Received a gift from Trog
 39738 | Snake:2  | Got a bound pewter ring
 39967 | Snake:2  | Noticed Asterion
 39982 | Snake:2  | Killed Asterion
 40554 | Snake:3  | Noticed Jorgrun
 40562 | Snake:3  | Killed Jorgrun
 40562 | Snake:3  | Gained mutation: You are completely covered in sharp spines. [demonic ancestry]
 40562 | Snake:3  | Reached XP level 18. HP: 138/138 MP: 19/19
 40639 | Snake:3  | Identified the ring of Tiukinoh {rPois rN++ EV+4 Dex+3} (You found it on level 2 of the Snake Pit)
 40742 | Snake:3  | Found Zikh's Book Shoppe.
 40869 | Snake:3  | Noticed Mara
 40882 | Snake:3  | Killed Mara
 40882 | Snake:3  | Reached skill level 23 in Axes
 40961 | Snake:3  | Noticed Vashnia
 41015 | Snake:3  | Killed Vashnia
 41015 | Snake:3  | Received a gift from Trog
 41423 | Snake:4  | Entered Level 4 of the Snake Pit
 42041 | Snake:4  | Found Hacir's Gadget Shop.
 42963 | Snake:4  | Received a gift from Trog
 43553 | Snake:4  | Got a serpentine rune of Zot
 44165 | Vaults:1 | Entered Level 1 of the Vaults
 45158 | Vaults:1 | Received a gift from Trog
 45345 | Vaults:1 | Reached XP level 19. HP: 105/148 MP: 6/20
 46080 | Vaults:2 | Received a gift from Trog
 46097 | Vaults:2 | Reached skill level 24 in Axes
 46801 | Vaults:2 | Received a gift from Trog
 48224 | Vaults:2 | Received a gift from Trog
 48462 | Vaults:2 | Received a gift from Trog
 48775 | Vaults:3 | Reached XP level 20. HP: 112/160 MP: 7/21
 49063 | Vaults:3 | Received a gift from Trog
 49482 | Vaults:3 | Received a gift from Trog
 49584 | Vaults:3 | Reached skill level 15 in Fighting
 49761 | Vaults:3 | Found a staircase to the Crypt.
 49828 | Vaults:3 | Reached skill level 25 in Axes
 50083 | Vaults:3 | HP: 7/162 [frost giant/bolt of cold (45)]
 50084 | Vaults:3 | Killed from afar by a frost giant

Action                   |  1- 3 |  4- 6 |  7- 9 | 10-12 | 13-15 | 16-18 | 19-21 || total
-------------------------+-------+-------+-------+-------+-------+-------+-------++-------
Melee: Hand axe          |   116 |   168 |   498 |   469 |       |       |       ||  1251
       Executioner's axe |       |       |       |   274 |  1148 |  1030 |   612 ||  3064
       Flail             |       |       |       |    93 |    30 |   167 |       ||   290
       Unarmed           |       |       |       |       |     1 |       |       ||     1
Throw: Tomahawk          |       |       |     2 |     4 |       |       |       ||     6
Invok: Berserk           |     1 |     3 |     3 |     5 |     4 |     4 |       ||    20
       Burn Spellbooks   |       |       |     1 |     1 |     2 |     5 |     2 ||    11
       Trog's Hand       |       |       |       |     2 |     1 |     6 |     8 ||    17
       Brothers in Arms  |       |       |       |       |     1 |     4 |     1 ||     6
 Abil: Evoke Flight      |       |       |       |       |     1 |       |       ||     1
Evoke: Wand              |       |       |       |     7 |     7 |       |       ||    14
  Use: Scroll            |       |       |     1 |     6 |    13 |    20 |     1 ||    41
       Potion            |       |       |       |    12 |     1 |     4 |       ||    17
 Stab: Invisible         |       |       |       |     6 |       |       |       ||     6
       Petrifying        |       |       |       |       |     4 |       |       ||     4
       Petrified         |       |       |       |       |     6 |       |       ||     6
  Eat: Chunk             |     4 |     7 |    14 |     9 |    39 |     4 |     1 ||    78
       Beef jerky        |       |     1 |       |     1 |     2 |       |       ||     4
       Meat ration       |       |       |     1 |       |       |     2 |     2 ||     5
       Bread ration      |       |       |       |     5 |     3 |     9 |     1 ||    18
       Pizza             |       |       |       |     2 |       |       |       ||     2
       Fruit             |       |       |       |       |       |     1 |       ||     1
